 Dungeon Crawl Stone Soup version 0.18-a0-1171-ga8e22e7 (webtiles) character file.

3456 Kidiri the Magician (level 9, -3/51 HPs)
             Began as a Deep Elf Fire Elementalist on Jan 26, 2016.
             Was a Follower of Vehumet.
             Slain by slayr's ghost (4 damage)
             ... on level 8 of the Dungeon.
             The game lasted 00:44:27 (11817 turns).

Kidiri the Magician (Deep Elf Fire Elementalist)   Turns: 11817, Time: 00:44:27

Health: -3/51      AC:  8    Str:  3    XL:     9   Next: 78%
Magic:  10/22      EV: 13    Int: 24    God:    Vehumet [*.....]
Gold:   553        SH:  4    Dex: 13    Spells: 8 memorised, 0 levels left

rFire  . . .     SeeInvis .     j - +0 short sword (drain)
rCold  . . .     Gourm    .     C - +1 leather armour {MR+}
rNeg   . . .     Faith    .     e - +0 buckler
rPois  .         Spirit   .     (helmet restricted)
rElec  .         Dismiss  .     (no cloak)
rCorr  +         Reflect  .     k - +0 pair of gloves
SustAt .         Harm     .     E - +0 pair of boots
MR     +....     Clarity  +     p - amulet of regeneration
Stlth  +++.......               (no ring)
                                y - ring of resist corrosion

@: somewhat resistant to hostile enchantments, fairly stealthy
A: horns 1, talons 1, slimy green scales 1, clarity, clumsy 1, weak 1
a: Renounce Religion


You were on level 8 of the Dungeon.
You worshipped Vehumet.
Vehumet was aware of your devotion.
You were not hungry.

You visited 2 branches of the dungeon, and saw 9 of its levels.

You collected 553 gold pieces.

Inventory:

Hand Weapons
 g - a +1 short sword
 j - a +0 short sword of draining (weapon)
Missiles
 m - a throwing net (quivered)
Armour
 e - a +0 buckler (worn)
 k - a +0 pair of gloves (worn)
 l - a +0 helmet
 w - a +0 shield
 C - a +1 leather armour of magic resistance (worn)
 E - a +0 pair of boots (worn)
Jewellery
 p - an amulet of regeneration (around neck)
 y - a ring of resist corrosion (left hand)
Wands
 t - a wand of flame (33/48)
 A - a wand of enslavement (13/24)
Scrolls
 c - 3 scrolls of immolation {unknown}
 h - 2 scrolls of remove curse
 i - a scroll of amnesia
 n - a scroll of magic mapping
 o - 2 scrolls of random uselessness {unknown}
 q - a scroll of noise {unknown}
 r - a scroll of teleportation
 s - a scroll of enchant armour {unknown}
 v - a scroll of fog {unknown}
 D - 2 scrolls of blinking {unknown}
 G - a scroll of holy word {unknown}
 H - a scroll of torment {unknown}
Potions
 f - 5 potions of flight
 u - a potion of lignification
 F - a potion of berserk rage {unknown}
Books
 b - a book of Flames

   Spells                             Type                      Level
   a - Flame Tongue                   Conjuration/Fire             1
   b - Throw Flame                    Conjuration/Fire             2
   c - Conjure Flame                  Conjuration/Fire             3
   d - Inner Flame                    Hexes/Fire                   3
   e - Sticky Flame                   Conjuration/Fire             4
   f - Fireball                       Conjuration/Fire             5
 x - Sif Muna's Guide on Frigorific Confrontation
   (You found it on level 6 of the Dungeon)

   Spells                             Type                      Level
   a - Stone Arrow                    Conjuration/Earth            3
   b - Throw Icicle                   Conjuration/Ice              4
   c - Summon Ice Beast               Ice/Summoning                4
 B - a book of Geomancy

   Spells                             Type                      Level
   a - Sandblast                      Earth                        1
   b - Stoneskin                      Transmutation/Earth          2
   c - Passwall                       Transmutation/Earth          3
   d - Stone Arrow                    Conjuration/Earth            3
   e - Petrify                        Transmutation/Earth          4
   f - Lee's Rapid Deconstruction     Earth                        5
Comestibles
 a - 5 bread rations
 I - a slice of pizza


   Skills:
 + Level 3.2 Fighting
 + Level 2.8 Armour
 * Level 7.1 Dodging
 + Level 5.6 Stealth
 * Level 2.6 Shields
 * Level 7.9 Spellcasting
 + Level 4.1 Conjurations
 + Level 4.0 Hexes
 + Level 2.1 Transmutations
 * Level 7.6 Fire Magic
 + Level 2.0 Earth Magic


You couldn't memorise any spells.
You knew the following spells:

 Your Spells              Type           Power        Failure   Level  Hunger
a - Flame Tongue          Conj/Fire      #####        1%          1    None
b - Throw Flame           Conj/Fire      #####.       1%          2    None
c - Conjure Flame         Conj/Fire      #####...     4%          3    None
d - Inner Flame           Hex/Fire       #####...     4%          3    None
e - Sticky Flame          Conj/Fire      #####...     17%         4    ##.....
f - Fireball              Conj/Fire      #####.....   41%         5    #####..
g - Stoneskin             Trmt/Erth      ###.....     12%         2    None
h - Stone Arrow           Conj/Erth      ###...       14%         3    None


Dungeon Overview and Level Annotations

Branches:
Dungeon (8/15)             Temple (1/1) D:6
   Lair: D:8-11

Altars:
Ashenzari
Cheibriados
Dithmenos
Elyvilon
Fedhas
Gozag
Kikubaaqudgha
Makhleb
Nemelex Xobeh
Okawaru
Pakellas
Qazlal
Ru
Sif Muna
Trog
Vehumet
Xom
Yredelemnul
Zin
The Shining One

Annotations:
D:8 slayr's ghost, novice HOFi


Innate Abilities, Weirdness & Mutations

You have a pair of small horns on your head.
You have sharp toenails.
You are partially covered in slimy green scales (AC +2).
You possess an exceptional clarity of mind.
You are clumsy. (Dex -2)
You are weak. (Str -2)


Message History

An ice beast comes into view.
Found a scroll labeled POCSEE IR MUSI.
Slayr's ghost completely misses you.
An ogre comes into view. It is wielding a giant club.
An ice beast and a centaur come into view.
The ogre shouts!
The centaur shouts!
The centaur wields a shortbow.
The centaur shoots an arrow.
The arrow hits you!
You see here an arrow.
The centaur shoots an arrow.
The arrow hits you.
The centaur shoots an arrow.
The arrow closely misses you.
An adder comes into view.
You see here an arrow.
You open the door.
A scorpion comes into view.
The centaur shoots an arrow.
The arrow hits you!
* * * LOW HITPOINT WARNING * * *
Slayr's ghost hits you!
* * * LOW HITPOINT WARNING * * *
Slayr's ghost burns you.
You die...

........................
.........?..............
...Y....................
.S.....O................
........................
#c..............(.......
#.......................
#......@W.....Y.........
######'#########+#.#.###
.......# #.#o# #
#s......# #.#o# #
#.%.....#### #.#.# #
####.......##.#.#.# # #
#.......##.#.#.# # #.
#.......##.#.#.###
##.#########
#.......##.#.#....


You could see 2 ice beasts, an ogre, a centaur, a scorpion (sleeping), slayr's
ghost and an adder.

Vanquished Creatures
  Joseph (D:7)
  Grinder (D:4)
  Sigmund (D:2)
  The ghost of Feta the Skirmisher, an amateur DrBe of Trog (D:4)
  Menkaure (D:4)
  A soldier ant (D:5)
  Duvessa (D:4)
  2 ogres
  An orc warrior (D:7)
  2 sky beasts
  2 phantoms
  A centaur (D:5)
  A gnoll sergeant (D:7)
  A giant frog (D:6)
  2 scorpions
  Dowan (D:4)
  5 killer bees (D:7)
  A crimson imp (D:6)
  2 quasits
  2 giant frog skeletons
  4 orc priests
  3 hounds
  2 jellies
  2 iguanas (D:8)
  Natasha (twice) (D:2)
  6 worker ants
  An orc wizard (D:3)
  19 gnolls
  7 adders
  2 shadow imps (D:7)
  4 oozes
  2 adder skeletons
  6 worms
  4 giant geckos
  23 orcs
  A ball python (D:4)
  6 giant cockroaches (D:5)
  9 goblins
  7 hobgoblins
  25 jackals
  14 kobolds
  6 quokkas
  11 bats
  7 giant newts
  A quokka skeleton (D:5)
  7 rats
  A butterfly (D:5)
212 creatures vanquished.

Vanquished Creatures (others)
  A fire vortex (D:5)
1 creature vanquished.

Grand Total: 213 creatures vanquished

Notes
Turn   | Place    | Note
--------------------------------------------------------------
     0 | D:1      | Kidiri the Deep Elf Fire Elementalist began the quest for the Orb.
     0 | D:1      | Reached XP level 1. HP: 10/10 MP: 6/6
   190 | D:1      | Reached XP level 2. HP: 10/15 MP: 4/8
   198 | D:1      | Learned a level 2 spell: Throw Flame
   921 | D:2      | Noticed Sigmund
  1014 | D:2      | Reached XP level 3. HP: 20/20 MP: 3/9
  1019 | D:2      | Learned a level 3 spell: Conjure Flame
  1269 | D:2      | Killed Sigmund
  1269 | D:2      | Reached skill level 1 in Fighting
  1269 | D:2      | Reached skill level 4 in Spellcasting
  1269 | D:2      | Reached XP level 4. HP: 17/25 MP: 0/12
  1269 | D:2      | Reached XP level 5. HP: 19/29 MP: 0/13
  1290 | D:2      | Learned a level 3 spell: Inner Flame
  1400 | D:2      | Noticed Natasha
  1646 | D:2      | Killed Natasha
  1798 | D:2      | Reached skill level 1 in Armour
  2047 | D:2      | Found an ancient bone altar of Kikubaaqudgha.
  2053 | D:2      | Found a blossoming altar of Fedhas.
  2371 | D:2      | Noticed Natasha
  2374 | D:2      | Killed Natasha
  2374 | D:2      | Reached XP level 6. HP: 34/34 MP: 7/15
  2380 | D:2      | Learned a level 4 spell: Sticky Flame
  3365 | D:3      | Found a glowing golden altar of the Shining One.
  4088 | D:3      | Found a white marble altar of Elyvilon.
  4664 | D:4      | Noticed Duvessa
  4665 | D:4      | Noticed Dowan
  4670 | D:4      | Killed Dowan
  4670 | D:4      | Reached skill level 5 in Spellcasting
  4670 | D:4      | Reached skill level 1 in Hexes
  4670 | D:4      | Reached skill level 5 in Fire Magic
  4673 | D:4      | Killed Duvessa
  4673 | D:4      | Reached XP level 7. HP: 17/38 MP: 6/16
  5190 | D:4      | Noticed Menkaure
  5196 | D:4      | Killed Menkaure
  5196 | D:4      | Reached skill level 5 in Dodging
  5304 | D:4      | Noticed Feta's ghost (amateur DrBe)
  5333 | D:4      | Killed Feta's ghost
  5570 | D:4      | Noticed Grinder
  5577 | D:4      | Paralysed by Grinder for 2 turns
  5580 | D:4      | Killed Grinder
  5580 | D:4      | Reached skill level 6 in Spellcasting
  5580 | D:4      | Reached XP level 8. HP: 33/44 MP: 9/19
  5848 | D:4      | Learned a level 5 spell: Fireball
  5849 | D:5      | Entered Level 5 of the Dungeon
  6270 | D:5      | Found a glowing silver altar of Zin.
  6272 | D:5      | Found an opulent altar of Gozag.
  6456 | D:5      | Found a sparkling altar of Nemelex Xobeh.
  6542 | D:5      | Gained mutation: You are weak. (Str -2) [mutagenic meat]
  6543 | D:5      | Gained mutation: You have sharp toenails. [mutagenic meat]
  6544 | D:5      | Gained mutation: You have an increased reservoir of magic (+10% MP). [mutagenic meat]
  6545 | D:5      | Lost mutation: You have an increased reservoir of magic (+10% MP). [mutagenic meat]
  6546 | D:5      | Gained mutation: You are clumsy. (Dex -2) [mutagenic meat]
  6547 | D:5      | Gained mutation: You have a pair of small horns on your head. [mutagenic meat]
  6729 | D:5      | Found a runed door.
  6878 | D:5      | Found a runed door.
  7064 | D:5      | Reached skill level 1 in Shields
  7682 | D:6      | Identified Sif Muna's Guide on Frigorific Confrontation
  7800 | D:6      | Reached skill level 7 in Spellcasting
  7890 | D:6      | Learned a level 2 spell: Stoneskin
  7945 | D:6      | Reached skill level 5 in Stealth
  7945 | D:6      | Reached XP level 9. HP: 49/49 MP: 14/21
  8368 | D:6      | Learned a level 1 spell: Sandblast
  8630 | D:6      | Found a staircase to the Ecumenical Temple.
  8654 | Temple   | Entered the Ecumenical Temple
  8697 | Temple   | Became a worshipper of Vehumet
  8949 | D:6      | Reached skill level 1 in Transmutations
  9572 | D:7      | Gained mutation: You possess an exceptional clarity of mind. [potion of mutation]
  9572 | D:7      | Gained mutation: You are partially covered in slimy green scales (AC +2). [potion of mutation]
  9918 | D:7      | Noticed Joseph
 10206 | D:7      | Reached skill level 1 in Earth Magic
 10257 | D:7      | HP: 2/49 [something (9)]
 10508 | D:7      | Reached * piety under Vehumet
 10508 | D:7      | Offered knowledge of Freeze by Vehumet.
 10545 | D:7      | Learned a level 3 spell: Stone Arrow
 10851 | D:7      | Killed Joseph
 11652 | D:8      | Noticed slayr's ghost (novice HOFi)
 11732 | D:8      | Found a snail-covered altar of Cheibriados.
 11817 | D:8      | HP: 1/51 [slayr's ghost (8)]
 11817 | D:8      | Slain by slayr's ghost

Vault maps used:
D:1:      dpeg_arrival_tiny_j
D:2:      grunt_temple_overflow_growth_and_decay, uniq_natasha, uniq_sigmund
D:3:      marbit_many_paths, tso_metal_star, first_bread
D:4:      uniq_duvessa, uniq_menkaure, uniq_grinder
D:5:      lemuel_insect_pit, grunt_temple_overflow_gold_and_silver,
          nemelex_xobeh_ov_fountains_minmay
D:6:      temple_statues
D:7:      uniq_joseph
D:8:      lemuel_doored_altar
Temple:   minmay_crystal_spiral_temple_12

Action                   |  1- 3 |  4- 6 |  7- 9 || total
-------------------------+-------+-------+-------++-------
Melee: Club              |     7 |       |       ||     7
       Short sword       |       |    40 |   151 ||   191
Throw: Throwing net      |       |       |     3 ||     3
 Cast: Flame Tongue      |    35 |    82 |   151 ||   268
       Throw Flame       |    20 |    48 |    63 ||   131
       Conjure Flame     |       |     7 |    20 ||    27
       Inner Flame       |       |     6 |    19 ||    25
       Sticky Flame      |       |     2 |    35 ||    37
       Sandblast         |       |       |    28 ||    28
       Stoneskin         |       |       |     4 ||     4
       Stone Arrow       |       |       |     1 ||     1
  Use: Scroll            |     2 |     6 |     5 ||    13
       Potion            |     1 |       |     6 ||     7
 Stab: Sleeping          |     1 |     3 |     4 ||     8
  Eat: Pizza             |     1 |       |     2 ||     3
       Chunk             |       |     7 |    10 ||    17
       Bread ration      |       |     1 |     1 ||     2
       Beef jerky        |       |       |     2 ||     2
       Meat ration       |       |       |     3 ||     3
